 Dungeon Crawl Stone Soup version 0.23-a0-639-ga9a3373 (console) character file.

77 Duffy the Firebug (level 4, 0/33 HPs)
             Began as a Demonspawn Fire Elementalist on Dec 29, 2018.
             Slain by a hobgoblin
             ... wielding a +0 club
             ... led by Robin
              (1 damage)
             ... on level 3 of the Dungeon.
             The game lasted 00:02:21 (2663 turns).

Duffy the Firebug (Demonspawn Fire Elementalist)    Turns: 2663, Time: 00:02:22

Health: 0/33       AC:  3    Str:  8    XL:     4   Next: 14%
Magic:  1/7        EV: 12    Int: 17    God:
Gold:   108        SH:  0    Dex: 17    Spells: 7/8 levels left

rFire    . . .     SeeInvis .   o - +6 club
rCold    . . .     Gourm    .   (no shield)
rNeg     . . .     Faith    .   i - +0 leather armour (curse)
rPois    .         Spirit   .   (no helmet)
rElec    .         Reflect  .   (no cloak)
rCorr    .         Harm     .   (no gloves)
MR       .....                  (no boots)
Stlth    ++........             (no amulet)
HPRegen  0.11/turn              j - +3 ring of dexterity
MPRegen  0.10/turn              (no ring)

@: no status effects
A: hooves 1
a: no special abilities


You were on level 3 of the Dungeon.
You were not hungry.

You visited 1 branch of the dungeon, and saw 3 of its levels.

You collected 108 gold pieces.

Inventory:

Hand Weapons
 e - a +0 dagger
 h - a +0 whip of venom
 o - a +6 club (weapon)
Armour
 g - a +0 leather armour
 i - a cursed +0 leather armour (worn)
 p - a +0 helmet
Jewellery
 j - a +3 ring of dexterity (left hand)
Wands
 q - a wand of random effects (16)
Scrolls
 b - 3 scrolls of identify {unknown}
 d - 3 scrolls of immolation {unknown}
 k - a scroll of magic mapping {unknown}
 l - a scroll of enchant weapon {unknown}
 n - a scroll of teleportation {unknown}
Potions
 a - a potion of brilliance {unknown}
 f - a potion of degeneration {unknown}
 r - a potion of heal wounds {unknown}
Comestibles
 c - 6 rations
 m - a chunk of flesh


   Skills:
 + Level 2.3 Fighting
 - Level 1.7 Dodging
 - Level 1.7 Stealth
 - Level 2.5 Spellcasting
 - Level 1.9 Conjurations
 - Level 3.1 Fire Magic


You had 7 spell levels left.
You knew the following spells:

 Your Spells              Type           Power        Failure   Level  Hunger
h - Flame Tongue          Conj/Fire      ##...        10%         1    #......

Your spell library contained the following spells:

 Spells                   Type           Power        Failure   Level  Hunger
 Throw Flame              Conj/Fire      ##....       14%         2    ##.....
 Confusing Touch          Hex            #.....       26%         1    #......
 Conjure Flame            Conj/Fire      ##......     28%         3    ###....
 Inner Flame              Hex/Fire       #.......     38%         3    ###....
 Confuse                  Hex            #.......     63%         3    ###....
 Gell's Gravitas          Tloc           #.........   63%         3    ###....
 Sticky Flame             Conj/Fire      ##......     67%         4    #####..
 Petrify                  Tmut/Erth      #.......     95%         4    #####..
 Fireball                 Conj/Fire      ##........   95%         5    ######.
 Metabolic Englaciation   Hex/Ice        #.........   100%        5    ######.
 Yara's Violent Unravell  Hex/Tmut       #.........   100%        5    ######.


Dungeon Overview and Level Annotations

Branches:
Dungeon (3/15)

Altars:
Dithmenos


Innate Abilities, Weirdness & Mutations

You have large cloven feet.


Message History

Confirm with . or Enter, or press ? or * to list all spells.
Aiming: Flame Tongue (safe; 10% risk of failure)
Press: ? - help, Shift-Dir - straight line, f/p - kobold
Aim: a kobold (moderately wounded)
The flame tongue hits the kobold.
The kobold is severely wounded.
The kobold closely misses you.
You hit the kobold.
You kill the kobold!
A hobgoblin comes into view. It is wielding a +0 club.
You swing at nothing.
You hit the hobgoblin. Your kick misses the hobgoblin.
The hobgoblin is almost dead.
The hobgoblin hits you with a +0 club.
* * * LOW HITPOINT WARNING * * *
The hobgoblin closely misses you.
You barely miss the hobgoblin.
The hobgoblin is almost dead.
The hobgoblin hits you with a +0 club.
You die...

...# #.. #..# #..
.... ... ))# #)# ..#
#.# #.# #.# #.# #.#
###.###.###### .#
#...g@)...(..# .#
#.#.###.####.####.#
#.#.###.####.##...#
# #.#.....##......#
#.#.....#...#.#.#
.#(..........#.#.#
.........#...#)#.#
##......##.##.#.####
#.##.#.............


You could see a hobgoblin.

Vanquished Creatures
  Robin (D:3)
  2 dart slugs (D:2)
  3 leopard geckos
  An orc (D:3)
  9 bats
  2 giant cockroaches
  10 goblins
  5 hobgoblins
  7 jackals
  4 kobolds
  A quokka (D:2)
  A frilled lizard (D:2)
  7 rats
53 creatures vanquished.

Notes
Turn   | Place    | Note
-------+----------+-------------------------------------------
     0 | D:1      | Duffy the Demonspawn Fire Elementalist began the quest for
                  | the Orb.
     0 | D:1      | Reached XP level 1. HP: 13/13 MP: 3/3
   407 | D:1      | Gained mutation: You have large cloven feet. [demonic
                  | ancestry]
   407 | D:1      | Reached XP level 2. HP: 19/19 MP: 1/5
   640 | D:2      | Reached skill level 3 in Fire Magic
  1561 | D:2      | Found a shadowy altar of Dithmenos.
  1590 | D:2      | Reached XP level 3. HP: 20/24 MP: 6/6
  2109 | D:2      | Reached skill level 1 in Fighting
  2147 | D:2      | Noticed a phantom
  2593 | D:3      | Noticed Robin
  2616 | D:3      | Killed Robin
  2617 | D:3      | Reached XP level 4. HP: 10/33 MP: 7/7
  2623 | D:3      | HP: 1/33 [hobgoblin/+0 club[Robin] (2)]
  2662 | D:3      | HP: 1/33 [hobgoblin/+0 club[Robin] (2)]
  2663 | D:3      | Slain by a hobgoblin

Vault maps used:
D:1:      zaba_arrival_water, minmay_misc_feat_five
D:2:      nicolae_dithmenos_through_a_glass_darkly
D:3:      uniq_robin

Skill      XL: |  1  2  3 |
---------------+----------+-----
Fire Magic     | 3 |  3.1
Fighting       | 2 |  2.3
Dodging        | |  1.7
Stealth        | |  1.7
Spellcasting   | |  2.5
Conjurations   | |  1.9

Action                   |  1- 3 |  4- 6 || total
-------------------------+-------+-------++-------
Melee: Dagger            |    13 |       ||    13
       Whip              |    74 |       ||    74
       Kick              |    22 |       ||    22
       Club              |       |     5 ||     5
 Cast: Flame Tongue      |    37 |     9 ||    46
Evoke: Wand              |       |     2 ||     2
 Stab: Sleeping          |     3 |       ||     3
  Eat: Chunk             |     6 |       ||     6
Armor: Robe              |     1 |       ||     1
       Leather armour    |    26 |       ||    26
Dodge: Dodged            |    87 |     6 ||    93

Table legend:
 A = Non-vault XP
 B = Vault XP
 C = Vault XP percentage of total XP
 D = Non-vault monster count
 E = Vault monster count
 F = Vault count percentage of total count
                 A         B        C        D         E       F
            +---------+---------+-------+---------+---------+-------
      Total |      78 |      33 |  29.7 |      43 |      10 |  18.9
            +---------+---------+-------+---------+---------+-------
        D:1 |      28 |       0 |   0.0 |      16 |       0 |   0.0
        D:2 |      36 |       0 |   0.0 |      19 |       0 |   0.0
        D:3 |      14 |      33 |  70.2 |       8 |      10 |  55.6
            +---------+---------+-------+---------+---------+-------
